 Dungeon Crawl Stone Soup version 0.23-a0-629-gae4348f (webtiles) character file.

346 nikopol the Chopper (level 6, 0/56 HPs)
             Began as a Hill Orc Fighter on Dec 26, 2018.
             Slain by a bullfrog (4 damage)
             ... on level 4 of the Dungeon.
             The game lasted 00:03:53 (3036 turns).

nikopol the Chopper (Hill Orc Fighter)              Turns: 3036, Time: 00:03:54

Health: 0/56       AC:  8    Str: 26    XL:     6   Next: 59%
Magic:  6/6        EV:  8    Int:  8    God:
Gold:   175        SH: 10    Dex: 10    Spells: 5/5 levels left

rFire    . . .     SeeInvis .   a - +0 war axe
rCold    . . .     Gourm    .   c - +0 shield
rNeg     . . .     Faith    .   b - +0 scale mail
rPois    .         Spirit   .   (no helmet)
rElec    .         Reflect  .   (no cloak)
rCorr    .         Harm     .   m - +0 pair of gloves
MR       .....                  (no boots)
Stlth    ..........             (no amulet)
HPRegen  0.18/turn              (no ring)
MPRegen  0.10/turn              (no ring)

@: mighty
A: no striking features
a: no special abilities


You were on level 4 of the Dungeon.
You were not hungry.

You visited 1 branch of the dungeon, and saw 4 of its levels.

You collected 175 gold pieces.

Inventory:

Hand Weapons
 a - a +0 war axe (weapon)
Armour
 b - a +0 scale mail (worn)
 c - a +0 shield (worn)
 m - a +0 pair of gloves (worn)
Scrolls
 e - a scroll of fear {unknown}
 j - 2 scrolls of identify {unknown}
 l - a scroll of enchant weapon {unknown}
 n - a scroll of magic mapping {unknown}
 o - a scroll of amnesia {unknown}
 q - a scroll of noise {unknown}
Potions
 d - a potion of might
 g - 2 potions of mutation {unknown}
 h - a potion of haste {unknown}
 i - a potion of flight {unknown}
 k - a potion of lignification {unknown}
 p - a potion of curing {unknown}
 r - a potion of degeneration {unknown}
Comestibles
 f - 9 rations
 s - 2 chunks of flesh


   Skills:
 + Level 5.0 Fighting
 + Level 6.3 Axes
 + Level 4.2 Armour
 + Level 0.7 Dodging
 + Level 0.1 Stealth
 + Level 4.2 Shields


You had 5 spell levels left.
You didn't know any spells.
Your spell library was empty.

Dungeon Overview and Level Annotations

Branches:
Dungeon (4/15)
 Temple: D:4-7

Altars:
Cheibriados
Sif Muna
Uskayaw


Message History

The bullfrog hits you!
* * * LOW HITPOINT WARNING * * *
You block the bullfrog's attack.
You hit the bullfrog.
The bullfrog is severely wounded.
You block the bullfrog's attack.
You closely miss the bullfrog.
The bullfrog is severely wounded.
You block the bullfrog's attack. The bullfrog barely misses you.
You hit the bullfrog.
The bullfrog is severely wounded.
The bullfrog hits you.
* * * LOW HITPOINT WARNING * * *
The bullfrog barely misses you.
You feel very mighty all of a sudden. You block the bullfrog's attack. x2
You closely miss the bullfrog.
The bullfrog is severely wounded.
You block the bullfrog's attack. The bullfrog hits you.
You die...

#.# #####.# . #.#
#...... ##. #.#
#.###.# #.. #.# #.#
#.# ##.# #.###.###.#
... #.>.......# #.#
##.....####
##.####)### #.##..####
...hhhF@..# #.##.....#
#.#####)#.# #.##...#.#
##.#[# #.##.....#
###....#####.##.....#
'.....................
###.....##########..>#
#.#.#.# ##..# #.###.#
##.# . ..# ##.#


You could see a bullfrog and 3 jackals.

Vanquished Creatures
  A phantom (D:4)
  An orc priest (D:3)
  An orc wizard (D:4)
  An iguana (D:3)
  A worker ant (D:4)
  6 adders
  5 worms
  5 dart slugs
  2 leopard geckos (D:2)
  8 orcs
  4 giant cockroaches
  9 goblins
  11 hobgoblins
  2 jackals (D:4)
  A quokka (D:3)
  7 bats
  2 frilled lizards (D:3)
  4 kobolds
  A quokka skeleton (D:4)
  3 rats
75 creatures vanquished.

Notes
Turn   | Place    | Note
-------+----------+-------------------------------------------
     0 | D:1      | nikopol the Hill Orc Fighter began the quest for the Orb.
     0 | D:1      | Reached XP level 1. HP: 19/19 MP: 1/1
   303 | D:1      | Reached XP level 2. HP: 26/27 MP: 2/2
   420 | D:1      | Reached skill level 3 in Axes
   858 | D:2      | Reached XP level 3. HP: 32/33 MP: 3/3
  1049 | D:2      | Found a snail-covered altar of Cheibriados.
  1151 | D:2      | Reached skill level 4 in Axes
  1165 | D:2      | Reached XP level 4. HP: 34/40 MP: 4/4
  2037 | D:3      | Reached XP level 5. HP: 46/46 MP: 5/5
  2155 | D:3      | Reached skill level 5 in Axes
  2678 | D:3      | Found a deep blue altar of Sif Muna.
  2814 | D:4      | Found a hide-covered altar of Uskayaw.
  2830 | D:4      | Reached XP level 6. HP: 46/53 MP: 6/6
  2922 | D:4      | Noticed a phantom
  2941 | D:4      | Killed a phantom
  2941 | D:4      | Reached skill level 6 in Axes
  3027 | D:4      | Reached skill level 5 in Fighting
  3036 | D:4      | Slain by a bullfrog

Vault maps used:
D:1:      eino_arrival_water_star
D:2:      old_standard_altar, minmay_heptomino_h4
D:3:      led_sif_pool
D:4:      eat_drink_and_be_merry_uskayaw, serial_shops, shop, uniq_eustachio

Skill      XL: |  1  2  3  4  5  6 |
---------------+-------------------+-----
Fighting       | 4 5 |  5.0
Axes           | 3 4 5 6 |  6.3
Armour         | 4 |  4.2
Shields        | 4 |  4.2
Dodging        | |  0.7
Stealth        | |  0.1

Action                   |  1- 3 |  4- 6 || total
-------------------------+-------+-------++-------
Melee: War axe           |    99 |   170 ||   269
  Use: Potion            |       |     1 ||     1
  Eat: Chunk             |     1 |     6 ||     7
Armor: Scale mail        |    47 |    73 ||   120
Dodge: Dodged            |    31 |    39 ||    70
Block: Shield            |    54 |    96 ||   150

Table legend:
 A = Non-vault XP
 B = Vault XP
 C = Vault XP percentage of total XP
 D = Non-vault monster count
 E = Vault monster count
 F = Vault count percentage of total count
                 A         B        C        D         E       F
            +---------+---------+-------+---------+---------+-------
      Total |     481 |      14 |   2.8 |      73 |       2 |   2.7
            +---------+---------+-------+---------+---------+-------
        D:1 |      28 |       0 |   0.0 |      16 |       0 |   0.0
        D:2 |      94 |      14 |  13.0 |      23 |       2 |   8.0
        D:3 |     145 |       0 |   0.0 |      22 |       0 |   0.0
        D:4 |     214 |       0 |   0.0 |      12 |       0 |   0.0
            +---------+---------+-------+---------+---------+-------
